 Dungeon Crawl Stone Soup version 0.22-a0-570-g58866f5 (webtiles) character file.

88 Hebeh the Skirmisher (level 4, 0/40 HPs)
             Began as a Minotaur Fighter on June 30, 2018.
             Was an Initiate of Trog.
             Slain by an orc (4 damage)
             ... on level 3 of the Dungeon.
             The game lasted 00:05:13 (1687 turns).

Hebeh the Skirmisher (Minotaur Fighter)             Turns: 1687, Time: 00:05:14

Health: 0/40       AC:  7    Str: 20    XL:     4   Next: 29%
Magic:  3/3        EV:  7    Int:  5    God:    Trog [......]
Gold:   84         SH: 10    Dex:  9    Spells: 3/3 levels left

rFire    . . .     SeeInvis .   n - -3 hand axe (curse)
rCold    . . .     Gourm    .   c - +1 shield
rNeg     . . .     Faith    .   b - +0 scale mail
rPois    .         Spirit   .   (helmet restricted)
rElec    .         Reflect  .   (no cloak)
rCorr    .         Harm     .   (no gloves)
MR       .....                  (no boots)
Stlth    ..........             (no amulet)
HPRegen  0.13/turn              i - -2 ring of strength (curse)
MPRegen  0.08/turn              (no ring)

@: lethally poisoned (0 -> -1)
A: retaliatory headbutt, horns 2
a: Renounce Religion


You were on level 3 of the Dungeon.
You worshipped Trog.
Trog was noncommittal.
You were not hungry.

You visited 1 branch of the dungeon, and saw 3 of its levels.

You collected 84 gold pieces.

Inventory:

Hand Weapons
 a - a +0 war axe
 l - a +0 hunting sling
 n - a cursed -3 hand axe (weapon)
Armour
 b - a +0 scale mail (worn)
 c - a +1 shield (worn)
Jewellery
 i - a cursed -2 ring of strength (left hand)
 j - an uncursed ring of poison resistance {unknown}
Scrolls
 h - 2 scrolls of remove curse {unknown}
 o - a scroll of identify
Potions
 d - a potion of might
 e - a potion of heal wounds
 k - a potion of flight {unknown}
 m - a potion of agility {unknown}
 p - a potion of lignification {unknown}
Comestibles
 f - 8 rations


   Skills:
 + Level 4.3 Fighting
 * Level 3.9 Axes
 + Level 4.3 Armour
 + Level 4.2 Shields


You had 3 spell levels left.
You didn't know any spells.
Your spell library was empty.

Dungeon Overview and Level Annotations

Branches:
Dungeon (3/15)

Altars:
Fedhas
Kikubaaqudgha
Qazlal
Trog
Wu Jian


Innate Abilities, Weirdness & Mutations

You reflexively headbutt those who attack you in melee.
You have a pair of horns on your head.


Message History

Your shield prevents you from hitting the adder.
The adder barely misses you. You block the adder's attack.
The orc hits you but does no damage.
You barely miss the orc. Your headbutt misses the orc. You hit the adder.
The adder bites you but does no damage. The orc hits you but does no damage.
You closely miss the orc. You closely miss the adder.
The adder bites you but does no damage. You block the orc's attack.
The adder bites you.
* * * LOW HITPOINT WARNING * * *
You are poisoned.
The adder poisons you!
You closely miss the orc. You hit the adder but do no damage.
You feel sick. The adder bites you but does no damage.
The orc hits you but does no damage.
You barely miss the orc.
Your shield and scale mail prevent you from hitting the adder.
You block the adder's attack. The orc barely misses you.
You block the adder's attack.
Unknown command.
You barely miss the orc. You miss the adder.
You feel sick. The orc hits you.
You die...

#.# #.# #.# #.# .
###.############.#
..
#................#
...
#.#.##############
.... #.#.# .....
#.#.# ......#.#.#
......o@#.#
......S.#.#
........#.#
......#.#.#
......#..
......#..
......#.. .....
#...


You could see an adder and an orc.

Vanquished Creatures
  An orc wizard (D:3)
  An adder (D:2)
  3 worms (D:2)
  2 leopard geckos
  2 orcs (D:3)
  3 giant cockroaches
  2 goblins
  3 hobgoblins
  2 quokkas (D:2)
  6 bats
  8 frilled lizards
  4 kobolds
  6 rats
43 creatures vanquished.

Notes
Turn   | Place    | Note
-------+----------+-------------------------------------------
     0 | D:1      | Hebeh the Minotaur Fighter began the quest for the Orb.
     0 | D:1      | Reached XP level 1. HP: 19/19 MP: 0/0
   111 | D:1      | Reached XP level 2. HP: 13/27 MP: 1/1
   901 | D:2      | Reached XP level 3. HP: 31/33 MP: 2/2
   911 | D:2      | Found a stormy altar of Qazlal.
   912 | D:2      | Found a bloodstained altar of Trog.
   912 | D:2      | Found an ornate altar of the Wu Jian Council.
   912 | D:2      | Found an ancient bone altar of Kikubaaqudgha.
   921 | D:2      | Became a worshipper of Trog the Wrathful
   962 | D:2      | Found a blossoming altar of Fedhas.
  1200 | D:2      | Found a faded altar of an unknown god.
  1670 | D:3      | Reached XP level 4. HP: 18/40 MP: 3/3
  1687 | D:3      | Slain by an orc

Vault maps used:
D:1:      minmay_arrival_solitary_statue, dk_noncrumbling_3,
          minmay_close_crescents
D:2:      fedhas_altar_2, grunt_temple_overflow_open, first_ration,
          chequers_ecumenical_altar_grove

Skill      XL: |  1  2  3 |
---------------+----------+-----
Axes           | 3 |  3.9
Fighting       | 4 |  4.3
Armour         | 4 |  4.3
Shields        | 4 |  4.2

Action                   |  1- 3 |  4- 6 || total
-------------------------+-------+-------++-------
Melee: War axe           |    14 |       ||    14
       Headbutt          |    21 |     2 ||    23
       Hand axe          |   143 |    16 ||   159
  Use: Scroll            |     5 |       ||     5
  Eat: Chunk             |     3 |       ||     3
Armor: Scale mail        |    73 |    11 ||    84
Dodge: Dodged            |    37 |     6 ||    43
Block: Shield            |    94 |    10 ||   104

Table legend:
 A = Spawn XP
 B = Non-spawn XP
 C = Spawn XP percentage of total XP
 D = Spawn monster count
 E = Non-spawn monster count
 F = Spawn count percentage of total count
 G = Total turns spent on level
                    A         B        C        D         E        F      G
               +---------+---------+-------+---------+---------+-------+---------
         Total |       0 |     126 |   0.0 |       0 |      43 |   0.0 |  1687
               +---------+---------+-------+---------+---------+-------+---------
           D:1 |       0 |      25 |   0.0 |       0 |      16 |   0.0 |   629
           D:2 |       0 |      54 |   0.0 |       0 |      23 |   0.0 |   987
           D:3 |       0 |      47 |   0.0 |       0 |       4 |   0.0 |    71
               +---------+---------+-------+---------+---------+-------+---------
